 Dungeon Crawl Stone Soup version 0.27-a0-423-gf312af23e9 (webtiles) character file.

Game seed: 8462559709035664374

4129 dolemite99 the Cleaver (level 10, -8/95 HPs)
             Began as a Hill Orc Fighter on Feb 27, 2021.
             Was a Priest of the Shining One.
             Mangled by Harold
             ... wielding a +2 halberd of venom
              (13 damage)
             ... on level 8 of the Dungeon.
             The game lasted 00:09:37 (9600 turns).

dolemite99 the Cleaver (Hill Orc Fighter)           Turns: 9600, Time: 00:09:38

Health: -8/95      AC: 13    Str: 23    XL:     10   Next: 27%
Magic:  10/10      EV:  5    Int:  8    God:    the Shining One [***...]
Gold:   72         SH:  9    Dex: 10    Spells: 9/9 levels left

rFire    + . .     SeeInvis .   a - +2 war axe
rCold    . . .     Faith    .   c - +0 kite shield
rNeg     + . .     Spirit   .   p - +2 chain mail {rF+}
rPois    .         Reflect  .   j - +0 helmet
rElec    .         Harm     .   (no cloak)
rCorr    .         Rampage  .   (no gloves)
Will     .....                  (no boots)
Stlth    ..........             (no amulet)
HPRegen  0.25/turn              (no ring)
MPRegen  0.12/turn              (no ring)

@: glowing
A: no striking features
a: Renounce Religion, Divine Shield


You were on level 8 of the Dungeon.
You worshipped the Shining One.
The Shining One was most pleased with you.
You visited 1 branch of the dungeon, and saw 8 of its levels.

You collected 462 gold pieces.
You spent 390 gold pieces at shops.

Inventory:

Hand Weapons
 a - a +2 war axe (weapon)
 d - a +0 whip of venom
 e - a +3 dagger
 t - a +0 dagger of holy wrath
 C - a +3 rapier of protection
Missiles
 g - 3 boomerangs
 h - 33 poisoned darts (quivered)
 m - 178 stones
 r - 46 arrows
 y - 16 bolts
 M - 46 sling bullets
Armour
 b - a +0 scale mail
 c - a +0 kite shield (worn)
 j - a +0 helmet (worn)
 p - a +2 chain mail of fire resistance (worn)
 E - a +1 chain mail of fire resistance
Wands
 u - a wand of digging (4)
 x - a wand of acid (8)
 A - a wand of random effects (34)
 L - a wand of flame (19)
Scrolls
 f - 4 scrolls of teleportation
 l - 2 scrolls of identify {@r1}
 n - 2 scrolls of enchant armour
 o - a scroll of magic mapping {unknown}
 s - 2 scrolls of amnesia {unknown}
 v - a scroll of blinking {unknown}
 B - 2 scrolls of summoning
 D - 2 scrolls of immolation
 F - a scroll of acquirement {unknown}
 G - a scroll of holy word {unknown}
 H - a scroll of torment {unknown}
Potions
 q - a potion of attraction {unknown}
 w - a potion of flight
 I - a potion of ambrosia {unknown}


   Skills:
 - Level 11.1 Fighting
 - Level 13.0 Axes
 + Level 7.0 Armour
 - Level 3.2 Shields


You had 9 spell levels left.
You didn't know any spells.
Your spell library was empty.

Dungeon Overview and Level Annotations

Branches:
Dungeon (8/15)             Temple (0/1) D:7
   Lair: D:8-11

Altars:
Ashenzari
Elyvilon
Gozag
Qazlal
Xom
Yredelemnul
The Shining One

Shops:
D:4 !   D:7 *:

Annotations:
D:2 1 runed translucent door, Crazy Yiuf
D:8 Harold


Message History

Harold hits you but does no damage.
You hit Harold.
Harold is heavily wounded.
You slash Harold!
Harold is heavily wounded.
You block Harold's attack.
Your shield prevents you from hitting Harold.
Harold is heavily wounded.
You hit the adder. The adder bites you but does no damage.
Harold hits you with a +2 halberd of venom!
* * * LOW HITPOINT WARNING * * *
You hit Harold but do no damage.
Harold is heavily wounded.
You slash the adder!
You kill the adder!
Your Armour skill increases to level 7!
It was a potion of resistance.
You feel protected.
Harold hits you with a +2 halberd of venom!
* * * LOW HITPOINT WARNING * * *
It was a potion of cancellation.
Your magical effects are unravelling.
You feel magically purged.
You feel yourself slow down.
Your resistance to elements expires.
The water moccasin bites you but does no damage.
You slash Harold!
Harold is severely wounded.
You closely miss the water moccasin. You block Harold's attack.
You block the water moccasin's attack.
You hit Harold.
Harold is almost dead.
You hit the water moccasin but do no damage.
The water moccasin bites you.
* * * LOW HITPOINT WARNING * * *
Harold completely misses you.
You hit Harold but do no damage.
Harold is almost dead.
You slash the water moccasin! You block the water moccasin's attack.
Harold hits you with a +2 halberd of venom!
You die...

#.# ###'#.######.#
####.###### #............#
+.........###.....########
####.####..##.............
#.#####.###############
#.............#
####...........
#.........). #..@(.......
#..S@.$..... #.........≈≈
...............
..###...........
######...... #..... .....
...?.


You could see Harold and a water moccasin.

Vanquished Creatures
  An ugly thing (D:7)
  Maggie (D:6)
  A komodo dragon (D:8)
  Grinder (D:4)
  Prince Ribbit (D:6)
  5 humans (D:7)
  Eustachio (D:4)
  Duvessa (D:5)
  2 sky beasts
  3 ogres
  A water moccasin zombie (D:7)
  Dowan (D:5)
  2 scorpions
  A water moccasin skeleton (D:5)
  4 wights (D:6)
  2 bullfrog zombies
  3 hounds
  5 orc priests
  A jelly (D:6)
  A bullfrog skeleton (D:5)
  A centaur skeleton (D:6)
  2 iguanas
  5 orc wizards
  2 worker ants
  A worker ant zombie (D:8)
  Robin (D:2)
  13 adders
  4 gnolls (D:3)
  A howler monkey skeleton (D:7)
  2 shadow imps
  3 white imps
  An ooze (D:5)
  An adder skeleton (D:5)
  5 worms
  5 dart slugs
  5 leopard geckos
  26 orcs
  9 bats
  3 giant cockroaches (D:3)
  15 goblins
  12 hobgoblins
  15 jackals
  6 quokkas
  5 frilled lizards
  9 kobolds
  3 leopard gecko skeletons
  9 rats
202 creatures vanquished.

Vanquished Creatures (others)
  2 fungi (D:2)
  8 plants
10 creatures vanquished.

Grand Total: 212 creatures vanquished

Notes
Turn   | Place    | Note
-------+----------+-------------------------------------------
     0 | D:1      | dolemite99 the Hill Orc Fighter began the quest for the
                  | Orb.
     0 | D:1      | Reached XP level 1. HP: 19/19 MP: 1/1
    27 | D:1      | Reached skill level 3 in Axes
   151 | D:1      | Reached XP level 2. HP: 26/26 MP: 2/2
   296 | D:1      | Reached skill level 4 in Axes
   470 | D:1      | Reached XP level 3. HP: 27/31 MP: 3/3
   621 | D:1      | You fall into a shaft and drop 1 floor!
   640 | D:2      | Reached skill level 5 in Axes
   768 | D:2      | Found an opulent altar of Gozag.
   840 | D:2      | Reached XP level 4. HP: 35/39 MP: 4/4
   928 | D:2      | Noticed Robin
   948 | D:2      | Killed Robin
   949 | D:2      | Reached skill level 6 in Axes
  1282 | D:2      | Found a runed translucent door.
  1283 | D:2      | Noticed Crazy Yiuf
  1361 | D:3      | Found a white marble altar of Elyvilon.
  1474 | D:3      | Found a glowing golden altar of the Shining One.
  1477 | D:3      | Reached XP level 5. HP: 41/45 MP: 5/5
  1764 | D:3      | Reached skill level 7 in Axes
  1953 | D:3      | Became a worshipper of the Shining One
  2535 | D:3      | HP: 2/45 [orc priest/divine providence (16)]
  2542 | D:3      | Reached skill level 8 in Axes
  2542 | D:3      | Reached XP level 6. HP: 22/51 MP: 6/6
  3031 | D:3      | Found a broken altar of Ashenzari.
  3594 | D:4      | Reached skill level 9 in Axes
  4150 | D:4      | Reached XP level 7. HP: 57/57 MP: 7/7
  4328 | D:4      | Reached skill level 10 in Axes
  4352 | D:4      | Found Cucriloshyx's Distillery.
  4353 | D:4      | Noticed Grinder
  4353 | D:4      | Reached * piety under the Shining One
  4354 | D:4      | Paralysed by Grinder for 5 turns
  4367 | D:4      | Killed Grinder
  4368 | D:4      | Reached skill level 11 in Axes
  4544 | D:4      | Bought a potion of haste for 140 gold pieces
  4544 | D:4      | Bought a potion of might for 56 gold pieces
  4639 | D:4      | Noticed Eustachio
  4653 | D:4      | Killed Eustachio
  4654 | D:4      | Reached XP level 8. HP: 51/64 MP: 8/8
  4997 | D:5      | Entered Level 5 of the Dungeon
  4999 | D:5      | Noticed Dowan
  5004 | D:5      | Reached skill level 12 in Axes
  5006 | D:5      | Killed Dowan
  5033 | D:5      | Noticed Duvessa
  5039 | D:5      | Killed Duvessa
  5189 | D:5      | Reached skill level 13 in Axes
  6147 | D:5      | Reached skill level 5 in Fighting
  6480 | D:5      | Reached ** piety under the Shining One
  6789 | D:6      | Found a stormy altar of Qazlal.
  6804 | D:6      | Reached XP level 9. HP: 60/78 MP: 9/9
  6971 | D:6      | Noticed Prince Ribbit
  6977 | D:6      | Killed Prince Ribbit
  7060 | D:6      | You fall into a shaft and drop 1 floor!
  7097 | D:7      | Found Jaelipnutargh's Assorted Antiques.
  7203 | D:6      | Noticed Maggie
  7223 | D:6      | Killed Maggie
  8048 | D:7      | Bought a scroll of teleportation for 75 gold pieces
  8048 | D:7      | Bought a scroll labelled VUODONW FINAATS for 25 gold pieces
  8048 | D:7      | Bought a scroll labelled TOGEDD RUODULI for 25 gold pieces
  8048 | D:7      | Bought a scroll labelled DITEAV VOILOCS for 25 gold pieces
  8048 | D:7      | Bought a fizzy brown potion for 22 gold pieces
  8048 | D:7      | Bought a metallic dark potion for 22 gold pieces
  8074 | D:7      | Reached skill level 10 in Fighting
  8074 | D:7      | Found a shimmering altar of Xom.
  8191 | D:7      | Found a staircase to the Ecumenical Temple.
  8329 | D:7      | Found Uphywa Huim's Book Boutique.
  8370 | D:7      | Found a basalt altar of Yredelemnul.
  8371 | D:7      | Noticed a cyan ugly thing
  8386 | D:7      | Killed a cyan ugly thing
  8836 | D:7      | Reached XP level 10. HP: 83/95 MP: 10/10
  8844 | D:7      | Reached skill level 5 in Armour
  9014 | D:7      | Reached *** piety under the Shining One
  9569 | D:8      | Noticed Harold
  9600 | D:8      | Mangled by Harold

Illustrated notes

Levels and vault maps discovered:
D:1:      dpeg_arrival_lava_altar, layout_loops_cross, serial_bayou,
          serial_bayou_crossing, serial_bayou_pond_d, serial_bayou_lake_a,
          serial_bayou_pond_a, serial_bayou_shore_b, serial_bayou_pond_a,
          nrook_mini_vaults
D:2:      layout_rooms, lemuel_statue_altar, uniq_crazy_yiuf_cottage, uniq_robin
D:3:      kennysheep_big_flooded_room, layout_loops_ring,
          nicolae_ashenzari_panopticon, nicolae_overflow_crystal_walls,
          moated_statue, tso_altar
D:4:      layout_loops_ring, serial_shops, shop, uniq_grinder, uniq_eustachio
D:5:      layout_loops_corners, serial_bayou_pond_a, uniq_duvessa
D:6:      layout_loops_ring, old_standard_altar, uniq_maggie,
          uniq_prince_ribbit1
D:7:      layout_loops_cross, minmay_temple_entry_glass, serial_shops,
          shop_statue, shop, hangedman_feature_mirror, grunt_decor_arrowhead,
          minmay_ruffians
D:8:      layout_basic, uniq_harold

Skill      XL: |  1  2  3  4  5  6  7  8  9 10 |
---------------+-------------------------------+-----
Axes           | 3 4 5 6 8 9 11 13 | 13.0
Fighting       | 6 11 | 11.1
Armour         | 4 7 |  7.0
Shields        | |  3.2

Action                   |  1- 3 |  4- 6 |  7- 9 | 10-12 || total
-------------------------+-------+-------+-------+-------++-------
Melee: War axe           |    75 |   167 |   259 |    55 ||   556
       Whip              |       |    77 |       |       ||    77
Throw: Dart              |     5 |    26 |    36 |     2 ||    69
  Use: Potion            |       |     4 |     6 |     4 ||    14
       Scroll            |       |     1 |    11 |       ||    12
Armor: Scale mail        |    43 |    94 |    26 |       ||   163
       Skin              |       |    18 |     7 |       ||    25
       Chain mail        |       |       |    49 |    18 ||    67
Dodge: Dodged            |    20 |    64 |    46 |     8 ||   138
Block: Kite shield       |    37 |   126 |    93 |    18 ||   274

Table legend: (Time is in decaauts)
 A = Elapsed time spent in this place.
 B = Non-inter-level travel time spent in this place.
 C = Inter-level travel time spent in this place.
 D = Time resting spent in this place.
 E = Time spent auto-exploring this place.
 F = Levels seen in this place.
 G = Mean time per level.
                   A        B        C        D        E       F      G
               +--------+--------+--------+--------+--------+-----+--------+
         Total |   9749 |   9463 |    286 |   3503 |   4110 |   8 | 1218.6 |
       Dungeon |   9749 |   9463 |    286 |   3503 |   4110 |   8 | 1218.6 |
               +--------+--------+--------+--------+--------+-----+--------+

Top non-repeatable levels by time:
     D:3: 2571 daAuts
     D:5: 1699 daAuts
     D:7: 1312 daAuts
     D:6: 1194 daAuts
     D:4: 1143 daAuts
     D:2: 767 daAuts
     D:1: 654 daAuts
     D:8: 407 daAuts
